 Dungeon Crawl Stone Soup version 0.31-a0-949-g57150269e1 (webtiles) character file.

Game seed: 13022317694259260727

128 Zonian the Chiller (level 4, -1/24 HPs)
             Began as a Deep Elf Ice Elementalist on Oct 22, 2023.
             Slain by Pikel
             ... wielding a +0 whip of electrocution
              (12 damage)
             ... on level 4 of the Dungeon.
             The game lasted 00:07:44 (4275 turns).

Zonian the Chiller (Deep Elf Ice Elementalist)      Turns: 4275, Time: 00:07:48

Health: -1/24      AC: 10    Str:  5    XL:     4   Next: 87%
Magic:  4/10       EV: 12    Int: 22    God:
Gold:   124        SH:  0    Dex: 15    Spells: 2/9 levels left

rFire   . . .        e - +5 spear (venom)
rCold   . . .        (no shield)
rNeg    . . .        a - +0 robe
rPois   .            (no helmet)
rElec   .            m - +0 cloak
rCorr   .            (no gloves)
SInv    +            (no boots)
Will    .....        (no amulet)
Stlth   ++           c - ring of see invisible
HPRegen 0.24/turn    (no ring)
MPRegen 0.12/turn

%: no passive effects
@: ice-armoured, freezing walls
A: no striking features
a: no special abilities


You were on level 4 of the Dungeon.
You visited 1 branch of the dungeon, and saw 4 of its levels.

You collected 124 gold pieces.

Inventory:

Hand Weapons
 d - a +0 short sword
 e - a +5 spear of venom (weapon)
 j - a +0 sling
 l - a +0 dagger of venom
Missiles
 i - 13 poisoned darts
Armour
 a - a +0 robe (worn)
 m - a +0 cloak (worn)
Jewellery
 c - a ring of see invisible (left hand)
Wands
 h - a wand of flame (14)
Potions
 b - a potion of magic
 f - a potion of enlightenment
 g - a potion of curing
 k - a potion of lignification {unknown}
 n - a potion of attraction {unknown}


   Skills:
 - Level 2.5 Dodging
 - Level 2.5 Stealth
 - Level 3.0 Spellcasting
 + Level 6.8 Ice Magic


You had 2 spell levels left.
You knew the following spells:

 Your Spells              Type           Power      Damage    Failure   Level
a - Freeze                Ice            100%       1d10      1%          1
b - Frozen Ramparts       Ice            66%        1d10      2%          3
c - Ozocubu's Armour      Ice            33%        N/A       2%          3

Your spell library contained the following spells:

 Spells                   Type           Power      Damage    Failure   Level
 Foxfire                  Conj/Fire      12%        2x1d4     12%         1
 Necrotise                Necr           12%        1d4       12%         1
 Summon Ice Beast         Ice/Summ       18%        N/A       30%         4
 Tukima's Dance           Hex            3%         N/A       36%         3
 Vampiric Draining        Necr           3%         2d6       36%         3
 Volatile Blastmotes      Fire/Tloc      6%         2d10      36%         3
 Fulminant Prism          Conj/Hex       1%         3d5       77%         4
 Iskenderun's Mystic Bla  Conj/Tloc      3%         2d3       77%         4
 Passage of Golubria      Tloc           3%         N/A       77%         4
 Agony                    Necr           3%         N/A       98%         5
 Yara's Violent Unravell  Hex/Tmut       1%         3d3       98%         5
 Plasma Beam              Fire/Air       1%         2x1d11    100%        6
 Starburst                Conj/Fire      1%         6d3       100%        6
 Haunt                    Necr/Summ      1%         N/A       100%        7
 Borgnjor's Revivificati  Necr           1%         N/A       100%        8
 Death's Door             Necr           1%         N/A       100%        9


Dungeon Overview and Level Annotations

Branches:
Dungeon (4/15)
 Temple: D:4-7

Altars:
Elyvilon
Xom

Annotations:
D:3 1 runed translucent door, greenreed's ghost, amateur DjSh
D:4 Duvessa; Ijyb; Pikel


Message History

The endoplasm is heavily wounded.
The endoplasm barely misses you.
You hit the endoplasm.
You kill the endoplasm!
No target in view!
No target in view!
You now have 120 gold pieces (gained 14).
You now have 124 gold pieces (gained 4).
You open the door.
There is an open door here.
You hear a distant slurping noise.
You open the door.
Pikel, Merchant of Souls comes into view.
He is wielding a +0 whip of electrocution.
There is an open door here.
Casting: Freeze (safe; 1% risk of failure)
Confirm with . or Enter, or press ? or * to list all spells.
Casting: Frozen Ramparts (dangerous; 2% risk of failure)
Press: ? - help, Dir - look around, f - activate An open door.
The walls around you are covered in ice.
Casting: Frozen Ramparts (dangerous; 2% risk of failure)
Confirm with . or Enter, or press ? or * to list all spells.
A film of ice covers your body!
The wall freezes Pikel.
Unknown command.
You hit Pikel.
Pikel is poisoned.
Pikel is lightly wounded.
The wall freezes Pikel.
Pikel hits you but does no damage.
You are electrocuted!
You hit Pikel.
Pikel looks as sick as possible!
Pikel is moderately wounded.
The wall freezes Pikel.
Pikel hits you but does no damage.
Unknown command.
You hit Pikel.
Pikel looks as sick as possible!
Pikel is moderately wounded.
The wall freezes Pikel.
Pikel hits you with a +0 whip of electrocution.
You are electrocuted!
Ouch! That really hurt!
You die...
Pikel says, "See you in Hell!"

#######* #......###########****
#......#..#.......,,,*
#......+..@K......,,,* ###
#......#'###..###+*******
..#######.......#*,.#*,,****,,**
........#.......+,,,..,,*,,,,,,*
........#.......#,,,,..,+,,,,,,*
........#.......#,,,,,..*,,,,,,*
..##...##.......#,,,***.*********
..##...#####....#,,,***,**,,*,,,,
....>......+....+,,,,,*,,,,,*,,,,


You could see Pikel (extremely poisoned).

Vanquished Creatures
  3 gnolls (D:3)
  2 adders
  2 dart slugs
  5 orcs (D:3)
  10 ball pythons
  7 endoplasms
  4 giant cockroaches
  6 goblins
  9 hobgoblins
  3 quokkas
  7 bats
  2 frilled lizards
  2 kobolds
  4 rats
66 creatures vanquished.

Notes
Turn   | Place    | Note
-------+----------+-------------------------------------------
     0 | D:1      | Zonian the Deep Elf Ice Elementalist began the quest for
                  | the Orb.
     0 | D:1      | Reached XP level 1. HP: 10/10 MP: 6/6
   278 | D:1      | Reached XP level 2. HP: 15/15 MP: 4/8
   391 | D:1      | Reached skill level 5 in Ice Magic
   398 | D:1      | Found a faded altar of an unknown god.
  1156 | D:2      | Reached XP level 3. HP: 19/19 MP: 7/9
  1281 | D:2      | Learned a level 3 spell: Frozen Ramparts
  1285 | D:2      | Learned a level 3 spell: Ozocubu's Armour
  2721 | D:2      | Reached skill level 6 in Ice Magic
  3167 | D:3      | Found a runed translucent door.
  3175 | D:3      | Noticed greenreed's ghost (amateur DjSh)
  3211 | D:3      | Found a white marble altar of Elyvilon.
  3242 | D:3      | Reached XP level 4. HP: 24/24 MP: 10/10
  4032 | D:4      | Noticed Duvessa
  4125 | D:4      | Noticed Ijyb
  4146 | D:4      | Found a shimmering altar of Xom.
  4269 | D:4      | Noticed Pikel
  4275 | D:4      | Slain by Pikel

Illustrated notes

Levels and vault maps discovered:
D:1:      spicycebolla_arrival_clurvy, layout_loops_ring,
          ebering_ecumenical_altar_box, chequers_serial_rivers_room_b
D:2:      layout_basic
D:3:      layout_rooms, nicolae_elyvilon_temple_path, ebering_ghost_inner_flame,
          st_stairs_2, hangedman_decor_growths, grunt_ministairs_14
D:4:      layout_gridville, lemuel_round_altar, uniq_pikel, uniq_blork_the_orc,
          uniq_duvessa, uniq_crazy_yiuf_cottage, uniq_ijyb

Skill      XL: |  1  2  3 |
---------------+----------+-----
Ice Magic      | 5 6 |  6.8
Dodging        | |  2.5
Stealth        | |  2.5
Spellcasting   | |  3.0

Action                     |  1- 3 |  4- 6 || total
---------------------------+-------+-------++-------
  Melee: Unarmed           |     2 |       ||     2
         Short sword       |    11 |       ||    11
         Spear             |    11 |    37 ||    48
   Fire: Sling             |    80 |       ||    80
  Throw: Dart              |     3 |       ||     3
   Cast: Freeze            |    37 |     3 ||    40
         Ozocubu's Armour  |       |     1 ||     1
         Frozen Ramparts   |       |     1 ||     1
  Evoke: Wand              |       |     4 ||     4
    Use: Scroll            |     5 |     3 ||     8
         Potion            |     1 |       ||     1
   Stab: Sleeping          |     6 |     3 ||     9
 Armour: Robe              |    41 |    15 ||    56
  Dodge: Dodged            |    68 |    14 ||    82

Table legend: (Time is in decaauts)
 A = Elapsed time spent in this place.
 B = Non-inter-level travel time spent in this place.
 C = Inter-level travel time spent in this place.
 D = Time resting spent in this place.
 E = Time spent auto-exploring this place.
 F = Levels seen in this place.
 G = Mean time per level.
                   A        B        C        D        E       F      G
               +--------+--------+--------+--------+--------+-----+--------+
         Total |   4310 |   4145 |    165 |   1504 |   1833 |   4 | 1077.5 |
       Dungeon |   4310 |   4145 |    165 |   1504 |   1833 |   4 | 1077.5 |
               +--------+--------+--------+--------+--------+-----+--------+

Top non-repeatable levels by time:
     D:2: 1817 daAuts
     D:1: 1264 daAuts
     D:3: 1020 daAuts
     D:4: 208 daAuts
